 Seeded DCSS version 0.29-a0-375-g5102b3be25 (webtiles) character file.

Game seed: 13605594255664981076 (custom seed)

16595 thiscave3701365 the Severer (level 12, -2/110 HPs)
             Began as a Minotaur Berserker on May 3, 2022.
             Was a Priest of Trog.
             Slain by a bog body (28 damage)
             ... on level 3 of the Lair of Beasts.
             The game lasted 00:14:42 (19596 turns).

thiscave3701365 the Severer (Minotaur Berserker)   Turns: 19596, Time: 00:14:43

Health: -2/110     AC: 15    Str: 29    XL:     12   Next: 11%
Magic:  11/11      EV: 10    Int:  4    God:    Trog [***...]
Gold:   632        SH:  0    Dex: 11    Spells: 11/11 levels left

rFire   . . .      SeeInvis .   C - +0 battleaxe
rCold   . . .      Faith    .   (shield currently unavailable)
rNeg    . . .      Spirit   .   u - +0 chain mail "Fuibbaimp" {Str+3}
rPois   .          Reflect  .   (helmet restricted)
rElec   .          Harm     .   y - +0 cloak
rCorr   .          Rampage  .   (no gloves)
Will    .....                   B - +0 pair of boots
Stlth   ..........              (no amulet)
HPRegen 0.28/turn               (no ring)
MPRegen 0.12/turn               (no ring)

@: no status effects
A: horns 2, retaliatory headbutt
a: Renounce Religion, Berserk, Trog's Hand


You were on level 3 of the Lair of Beasts.
You worshipped Trog.
Trog was most pleased with you.
You visited 2 branches of the dungeon, and saw 12 of its levels.
You also visited: Ossuary.

You collected 632 gold pieces.

Inventory:

Hand Weapons
 a - a +0 hand axe
 t - the +7 trident of the Spectre {vorpal, rF+ Int+3 Dex+2}
   (You found it on level 8 of the Dungeon)

   It inflicts extra damage upon your enemies.
   Int:       It affects your intelligence (+3).
   Dex:       It affects your dexterity (+2).
   rF:        It protects you from fire.
 v - the +8 trident of the Octopus King {venom, rElec rPois}
   (You found it on level 1 of the Lair of Beasts)

   It poisons the flesh of those it strikes.
   rElec:     It insulates you from electricity.
   rPois:     It protects you from poison.
 C - a +0 battleaxe (weapon)
Missiles
 j - 2 throwing nets
Armour
 u - the +0 chain mail "Fuibbaimp" (worn) {Str+3}
   (You found it on level 5 of the Dungeon)

   Str:       It affects your strength (+3).
 y - a +0 cloak (worn)
 B - a +0 pair of boots (worn)
Jewellery
 e - a ring of protection from cold
 I - a ring of magical power
Wands
 g - a wand of charming (10)
 i - a wand of digging (3)
 s - a wand of polymorph (17)
 D - a wand of paralysis (5)
 E - a wand of iceblast (10)
Scrolls
 d - 2 scrolls of poison
 h - a scroll of fog
 p - a scroll of fear
 r - a scroll of blinking
 x - a scroll of teleportation
 F - 2 scrolls of enchant weapon {unknown}
 G - a scroll of amnesia {unknown}
 H - 2 scrolls of identify
Potions
 b - 3 potions of degeneration {unknown}
 c - 4 potions of brilliance
 f - 6 potions of haste
 k - 3 potions of magic
 l - 2 potions of flight
 m - 5 potions of heal wounds {unknown}
 n - a potion of might
 o - a potion of ambrosia
 q - 3 potions of mutation
 w - 4 potions of lignification
 z - 7 potions of curing
 A - a potion of cancellation {unknown}
 J - a potion of attraction {unknown}
 K - a potion of resistance {unknown}


   Skills:
 + Level 11.5 Fighting
 + Level 17.4 Axes
 + Level 11.1 Armour
 + Level 4.1 Dodging
 + Level 1.3 Stealth
 + Level 1.6 Unarmed Combat


You had 11 spell levels left.
You didn't know any spells.
Your spell library was empty.

Dungeon Overview and Level Annotations

Branches:
Dungeon (9/15)             Temple (0/1) D:4            Lair (3/6) D:8
Ossuary (visited)
  Swamp: Lair:2-4    Shoals: Lair:2-4     Snake: Lair:2-4    Spider: Lair:2-4
    Orc: D:9-12

Altars:
Ashenzari
Cheibriados
Gozag
Makhleb
Nemelex Xobeh
Okawaru
Uskayaw

Shops:
D:6 !

Annotations:
Lair:3 3 runed translucent doors, Lenagic's ghost, journeyman VSBe


Innate Abilities, Weirdness & Mutations

You have a pair of horns on your head.
You reflexively headbutt those who attack you in melee.


Message History

You closely miss the swamp worm. Your headbutt misses the swamp worm.
The swamp worm is almost dead.
The swamp worm bites you!
You are too injured to fight recklessly!
You are too injured to fight recklessly!
You are too injured to fight recklessly!
Unknown command.
You are too injured to fight recklessly!
You slice the swamp worm!!
You kill the swamp worm!
Trog accepts your kill.
You hit the swamp worm.
The swamp worm is moderately wounded.
The swamp worm bites you but does no damage.
You slash the swamp worm! Your headbutt misses the swamp worm.
The swamp worm is almost dead.
The swamp worm bites you.
You slice the swamp worm!!
You kill the swamp worm!
Trog accepts your kill.
You start resting.
A bog body is nearby!
A bog body is nearby!
A bog body is nearby!
A bog body is nearby!
You start resting.
A bog body is nearby!
A bog body is nearby!
A bog body is nearby!
The bog body barely misses you.
You barely miss the bog body. You headbutt the bog body.
The bog body is lightly damaged.
The bog body touches you! The bog body freezes you!!
* * * LOW HITPOINT WARNING * * *
You closely miss the bog body.
The bog body is lightly damaged.
The bog body touches you.
* * * LOW HITPOINT WARNING * * *
The bog body freezes you!!
You die...

P.......#.♣♣≈.?≈♣ ###...........
.#.....#..♣♣n..≈♣♣♣####..#.......
##.....##..♣≈..≈♣.....+..##......
.#......#..♣≈♣.≈♣.........<......
.#P....##..♣≈..≈♣...#..(.##......
###.#..##..♣≈.♣≈♣(P.###..##......
...........♣♣..♣♣.#####...##.####
...........?♣..♣....##....P.#####
............♣..♣@................
.............⌠⌠n.................
..#.P...#........................
.####.#.#........................
.P.#P.###..................##.##.
.+.....##.....####.#.......##.###
..#...##......#.####........#...#
..#....#.....##.....#...........#
.###...........^............#...#


You could see a bog body.

Vanquished Creatures
  A two-headed ogre (D:8)
  Amaemon (D:8)
  A cyclops (D:6)
  A manticore (D:7)
  10 elephants
  An orange demon (D:8)
  8 cane toads
  A komodo dragon (Lair:3)
  A troll (D:7)
  A hornet (D:6)
  5 blink frogs (Lair:1)
  13 yaks
  Grum (D:8)
  A steam dragon (D:8)
  2 wyverns
  A vampire mosquito (D:7)
  8 water moccasins
  2 swamp worms (Lair:3)
  An acid dragon (D:9)
  3 ice beasts
  An orc warrior (D:7)
  A sky beast (D:7)
  2 black bears
  3 ogres
  3 centaurs
  2 wolves (D:8)
  3 phantoms
  3 kobold brigands
  2 elf zombies (Ossuary)
  2 necrophages (D:5)
  2 bullfrogs
  2 scorpions (D:6)
  5 wights (D:7)
  A centaur zombie (Ossuary)
  A hound (D:5)
  A human zombie (Ossuary)
  A jelly (D:6)
  2 orc priests (D:4)
  2 gnoll shamans
  An iguana (D:3)
  5 orc wizards
  3 mummies
  17 gnolls
  9 adders
  A shadow imp (D:7)
  2 white imps (D:7)
  2 ufetubi
  An adder zombie (Ossuary)
  A worm (D:5)
  31 orcs
  4 endoplasms
  3 giant cockroaches
  8 goblins
  4 hobgoblins
  3 jackals (D:1)
  A quokka (D:4)
  10 ball pythons
  A bat (D:3)
  3 frilled lizards
  A goblin zombie (Ossuary)
  12 hobgoblin zombies
  10 kobolds
  10 kobold zombies
  6 orc zombies (Ossuary)
  7 rats
  4 rat zombies (Ossuary)
262 creatures vanquished.

Vanquished Creatures (others)
  5 fungi
  10 plants
15 creatures vanquished.

Grand Total: 277 creatures vanquished

Notes
Turn   | Place    | Note
-------+----------+-------------------------------------------
     0 | D:1      | thiscave3701365 the Minotaur Berserker began the quest for
                  | the Orb.
     0 | D:1      | Reached XP level 1. HP: 19/19 MP: 0/0
   334 | D:1      | Found a faded altar of an unknown god.
   408 | D:1      | Reached XP level 2. HP: 25/27 MP: 1/1
   595 | D:1      | Reached skill level 4 in Axes
  1170 | D:2      | Reached XP level 3. HP: 33/33 MP: 2/2
  1517 | D:2      | Reached skill level 5 in Axes
  1520 | D:2      | Reached XP level 4. HP: 13/40 MP: 3/3
  2241 | D:2      | Reached ** piety under Trog
  2976 | D:3      | Reached skill level 6 in Axes
  3039 | D:3      | Reached XP level 5. HP: 46/46 MP: 4/4
  3250 | D:3      | Found a burning altar of Makhleb.
  3250 | D:3      | Found a hide-covered altar of Uskayaw.
  4490 | D:4      | Reached skill level 7 in Axes
  4752 | D:4      | Found a snail-covered altar of Cheibriados.
  4860 | D:4      | Found an iron altar of Okawaru.
  5060 | D:4      | Reached XP level 6. HP: 52/52 MP: 5/5
  5203 | D:4      | Reached skill level 8 in Axes
  5913 | D:4      | Found an opulent altar of Gozag.
  5913 | D:4      | Found a sparkling altar of Nemelex Xobeh.
  5962 | D:4      | Found a staircase to the Ecumenical Temple.
  6195 | D:5      | Entered Level 5 of the Dungeon
  6284 | D:5      | Noticed an ice beast
  6288 | D:5      | Reached skill level 9 in Axes
  6292 | D:5      | Reached XP level 7. HP: 58/58 MP: 6/6
  6321 | D:5      | Reached skill level 10 in Axes
  7443 | D:5      | Reached skill level 11 in Axes
  7489 | D:5      | Reached XP level 8. HP: 52/66 MP: 7/7
  7579 | D:5      | Found a broken altar of Ashenzari.
  8403 | D:5      | Identified the +0 chain mail "Fuibbaimp" {Str+3}
  8461 | D:6      | Noticed a hornet
  8464 | D:6      | Paralysed by a hornet for 3 turns
  8470 | D:6      | Killed a hornet
  8471 | D:6      | Reached skill level 12 in Axes
  9049 | D:6      | Noticed a cyclops
  9059 | D:6      | Killed a cyclops
  9060 | D:6      | Reached skill level 5 in Fighting
  9060 | D:6      | Reached skill level 5 in Armour
  9104 | D:6      | Reached XP level 9. HP: 32/74 MP: 8/8
  9906 | D:6      | Reached skill level 13 in Axes
 10224 | D:6      | Found Yssic's Distillery.
 10723 | D:7      | Noticed a troll
 10731 | D:7      | Killed a troll
 10732 | D:7      | Reached skill level 1 in Stealth
 11016 | D:7      | Found a sand-covered staircase.
 11024 | Ossuary  | Entered an ossuary
 11143 | Ossuary  | Reached *** piety under Trog
 11666 | D:7      | Reached skill level 14 in Axes
 11937 | D:7      | Noticed a manticore
 12475 | D:7      | Killed a manticore
 12476 | D:7      | Reached XP level 10. HP: 84/84 MP: 9/9
 14014 | D:8      | Noticed a two-headed ogre
 14020 | D:8      | Killed a two-headed ogre
 15085 | D:8      | Found a staircase to the Lair.
 15119 | D:8      | Noticed Grum
 15129 | D:8      | Killed Grum
 15786 | D:8      | Noticed an orange demon
 15787 | D:8      | Noticed Amaemon
 15799 | D:8      | Killed Amaemon
 15800 | D:8      | Reached skill level 15 in Axes
 15806 | D:8      | Killed an orange demon
 16073 | D:8      | Identified the +7 trident of the Spectre {vorpal, rF+ Int+3
                  | Dex+2}
 16166 | D:9      | Reached skill level 1 in Unarmed Combat
 16372 | Lair:1   | Entered Level 1 of the Lair of Beasts
 16372 | Lair:1   | Found the +8 trident of the Octopus King {venom, rElec
                  | rPois}
 16472 | Lair:1   | Noticed a cane toad
 16476 | Lair:1   | Killed a cane toad
 16623 | Lair:1   | Reached XP level 11. HP: 99/99 MP: 10/10
 16891 | Lair:1   | Reached skill level 10 in Fighting
 16901 | Lair:1   | Reached skill level 10 in Armour
 17515 | Lair:2   | You fall into a shaft and drop 1 floor!
 17920 | Lair:2   | Reached skill level 16 in Axes
 19162 | Lair:3   | Found a runed translucent gate.
 19163 | Lair:3   | Found a runed translucent gate.
 19163 | Lair:3   | Found a runed translucent gate.
 19163 | Lair:3   | Noticed a 13-headed hydra
 19166 | Lair:3   | Noticed Lenagic's ghost (journeyman VSBe)
 19167 | Lair:3   | Noticed a nine-headed hydra
 19204 | Lair:3   | Reached skill level 17 in Axes
 19209 | Lair:3   | Reached XP level 12. HP: 110/110 MP: 11/11
 19596 | Lair:3   | Slain by a bog body

Illustrated notes

Levels and vault maps discovered:
D:1:      wander_arrival_lonely_grave, layout_basic,
          ebering_ecumenical_altar_rust
D:2:      layout_basic, minmay_misc_feat_tower, grunt_decor_mini_mirrors
D:3:      layout_basic, mainiacjoe_overflow_divided_tiny
D:4:      layout_loops_ring, grunt_temple_overflow_opulence,
          general_overflow_altar, mainiacjoe_overflow_24_doors, temple_doors_ab
D:5:      layout_basic, mainiacjoe_overflow_paths
D:6:      layout_basic, serial_shops, nicolae_shop_behind_doors,
          minmay_increasing_density
D:7:      layout_basic, nicolae_ossuary_entry_giza, minmay_manual_mess
D:8:      layout_rooms, lair_entry_dummy, serial_co_window_serial,
          co_window_corner_a, co_window_corner_a, co_window_paths_a,
          co_window_paths_b, co_window_corner_a, co_window_of_opportunity_c,
          co_window_corner_b, co_window_corner_cb, co_window_of_opportunity_b,
          co_window_broadway_c, glass_columns_b, uniq_grum, uniq_amaemon
D:9:      layout_irregular_city
Lair:1:   layout_roguey
Lair:2:   layout_cave_pods
Lair:3:   layout_regular_city, nicolae_swamp_entry_splash_gauntlet,
          gammafunk_ghost_hydra_chop

Skill      XL: |  1  2  3  4  5  6  7  8  9 10 11 |
---------------+----------------------------------+-----
Axes           | 4 5 6 7 9 11 12 14 15 17 | 17.4
Fighting       | 5 6 9 11 | 11.5
Armour         | 5 7 9 11 | 11.1
Stealth        | 1 |  1.3
Dodging        | 3 4 |  4.1
Unarmed Combat | 1 |  1.6

Action                   |  1- 3 |  4- 6 |  7- 9 | 10-12 || total
-------------------------+-------+-------+-------+-------++-------
Melee: Hand axe          |    59 |   141 |   240 |   102 ||   542
       Headbutt          |    11 |    19 |    43 |    48 ||   121
       Punch             |     1 |     2 |     2 |     2 ||     7
       Battleaxe         |       |       |       |   125 ||   125
       Unarmed           |       |       |       |     7 ||     7
Invok: Berserk           |     2 |     9 |    17 |    15 ||    43
  Use: Scroll            |       |    12 |     6 |     1 ||    19
Armor: Animal skin       |    10 |       |       |       ||    10
       Scale mail        |     4 |    12 |       |       ||    16
       Chain mail        |       |    47 |    84 |    85 ||   216
Dodge: Dodged            |    36 |    39 |    69 |    92 ||   236

Table legend: (Time is in decaauts)
 A = Elapsed time spent in this place.
 B = Non-inter-level travel time spent in this place.
 C = Inter-level travel time spent in this place.
 D = Time resting spent in this place.
 E = Time spent auto-exploring this place.
 F = Levels seen in this place.
 G = Mean time per level.
                   A        B        C        D        E       F      G
               +--------+--------+--------+--------+--------+-----+--------+
         Total |  19899 |  19348 |    551 |   9901 |   7917 |  13 | 1530.7 |
       Dungeon |  16186 |  15685 |    501 |   8633 |   5866 |   9 | 1798.4 |
          Lair |   3280 |   3230 |     50 |   1046 |   1947 |   3 | 1093.3 |
       Ossuary |    433 |    433 |      0 |    221 |    104 |   1 |  433.0 |
               +--------+--------+--------+--------+--------+-----+--------+

Top non-repeatable levels by time:
     D:6: 3392 daAuts
     D:8: 2460 daAuts
     D:4: 2233 daAuts
     D:2: 1900 daAuts
     D:5: 1833 daAuts
     D:3: 1720 daAuts
     D:7: 1689 daAuts
  Lair:2: 1505 daAuts
  Lair:3: 931 daAuts
     D:1: 866 daAuts
  Lair:1: 843 daAuts
 Ossuary: 433 daAuts
     D:9: 89 daAuts
